 Dungeon Crawl Stone Soup version 0.26-b1-59-ge38874ec40 (webtiles) character file.

Game seed: 7634240703482154945

2989 Zeldest the Cleaver (level 9, -8/127 HPs)
             Began as a Deep Dwarf Chaos Knight on Jan 9, 2021.
             Was an Initiate of Makhleb.
             Killed by divine providence
             ... invoked by an orc priest
              (14 damage)
             ... on level 8 of the Dungeon.
             The game lasted 00:09:18 (6145 turns).

Zeldest the Cleaver (Deep Dwarf Chaos Knight)       Turns: 6145, Time: 00:09:19

Health: -8/127     AC: 15    Str: 18    XL:     9   Next: 53%
Magic:  6/6        EV:  5    Int: 12    God:    Makhleb [......]
Gold:   531        SH: 12    Dex: 12    Spells: 8/8 levels left

rFire    . . .     SeeInvis .   y - +0 war axe
rCold    . . .     Faith    .   D - +0 tower shield
rNeg     . . .     Spirit   .   o - +0 plate armour
rPois    .         Reflect  .   (no helmet)
rElec    .         Harm     .   w - +0 cloak
rCorr    .         Rampage  .   (no gloves)
Will     ++...     Rnd*Rage +   s - +2 pair of boots
Stlth    ..........             (no amulet)
HPRegen  0.00/turn              i - ring of willpower
MPRegen  0.10/turn              C - +4 ring of evasion

@: berserking, non-regenerating, very quick
A: damage resistance, heal wounds, berserk 1, sense surroundings 2, weak 1, no
regeneration
a: Heal Wounds, Renounce Religion


You were on level 8 of the Dungeon.
You worshipped Makhleb.
Makhleb was noncommittal.
You visited 2 branches of the dungeon, and saw 9 of its levels.
You also visited: Ossuary.

You collected 531 gold pieces.

Inventory:

Hand Weapons
 a - a +0 hand axe of chaos
 y - a +0 war axe (weapon)
Armour
 o - a +0 plate armour (worn)
 s - a +2 pair of boots (worn)
 w - a +0 cloak (worn)
 D - a +0 tower shield (worn)
Jewellery
 i - a ring of willpower (left hand)
 j - an uncursed amulet of magic regeneration
 u - an uncursed amulet of faith {unknown}
 C - a +4 ring of evasion (right hand)
Scrolls
 c - 10 scrolls of remove curse
 e - 3 scrolls of magic mapping
 k - 3 scrolls of immolation {unknown}
 l - 3 scrolls of teleportation
 p - 2 scrolls of fear {unknown}
 q - 7 scrolls of identify
 x - a scroll of noise {unknown}
 B - 2 scrolls of enchant armour {unknown}
 E - a scroll of fog {unknown}
Potions
 b - a potion of invisibility {unknown}
 d - a potion of attraction {unknown}
 f - a potion of cancellation
 g - 2 potions of heal wounds
 h - a potion of brilliance {unknown}
 m - 2 potions of flight {unknown}
 n - 4 potions of lignification {unknown}
 r - 2 potions of curing {unknown}
 t - a potion of resistance {unknown}
 v - a potion of haste {unknown}
 z - 2 potions of degeneration {unknown}
 A - 2 potions of berserk rage {unknown}
 F - a potion of magic {unknown}


   Skills:
 + Level 6.5 Fighting
 * Level 10.5 Axes
 + Level 3.5 Armour
 - Level 1.1 Dodging
 + Level 1.2 Shields
 + Level 8.3 Invocations


You had 8 spell levels left.
You didn't know any spells.
Your spell library contained the following spells:

 Spells                   Type           Power        Failure   Level
 Corona                   Hex            0%           100%        1
 Magic Dart               Conj           0%           100%        1
 Blink                    Tloc           N/A          100%        2
 Call Imp                 Summ           0%           100%        2
 Slow                     Hex            0%           100%        2
 Conjure Flame            Conj/Fire      0%           100%        3
 Inner Flame              Hex/Fire       0%           100%        3
 Mephitic Cloud           Conj/Pois/Air  0%           100%        3
 Portal Projectile        Hex/Tloc       0%           100%        3
 Cause Fear               Hex            0%           100%        4
 Leda's Liquefaction      Hex/Erth       0%           100%        4


Dungeon Overview and Level Annotations

Branches:
Dungeon (8/15)             Temple (1/1) D:6         Ossuary (visited)
   Lair: D:8-11

Altars:
Cheibriados
Dithmenos
Elyvilon
Fedhas
Gozag
Hepliaklqana
Kikubaaqudgha
Makhleb
Nemelex Xobeh
Ru
Sif Muna
Trog
Uskayaw
Wu Jian
Yredelemnul
Zin

Shops:
D:6 *

Annotations:
D:7 1 runed translucent door, Crazy Yiuf


Innate Abilities, Weirdness & Mutations

You are resistant to damage.
You can heal yourself by infusing magical energy.
You passively map the area around you.
You do not regenerate.
You tend to lose your temper in combat.
You are weak. (Str -2)


Message History

The two-headed ogre is moderately wounded.
The two-headed ogre hits you with a +0 giant club!
The two-headed ogre hits you but does no damage.
The orc priest miscasts a cantrip.
You slash the two-headed ogre!
The two-headed ogre is heavily wounded.
You block the two-headed ogre's attack.
The two-headed ogre hits you with a +0 giant spiked club!
You slash the two-headed ogre!
The two-headed ogre is severely wounded.
The two-headed ogre hits you with a +0 giant club!!
* * * LOW HITPOINT WARNING * * *
The two-headed ogre hits you with a +0 giant spiked club!
* * * LOW HITPOINT WARNING * * *
A red film seems to cover your vision as you go berserk!
You feel yourself moving faster!
You feel mighty!
You hit the two-headed ogre.
The two-headed ogre is severely wounded.
The orc priest mumbles some strange prayers to Beogh against you.
Beogh smites you!
You die...

#####..###.#** *
..###..###.### ,
* **
#.....>..†...# *
###.#..###.#.#
,#....# #.#.#
##...###.#.# * *
#...##....#####
,+
#.#..........)#
*#.##.#....###@#
* #.#..##.#.#
#O# * ... #.#)#
#o# * *#.#.,
#.#.# #o# #..# <
#.#.# #=# #. ,,
,..[.. ... , *
*, *..# ... * *
*,, * , .#. , ,
,* * , * #. .# *
** ,


You could see a two-headed ogre, an orc priest and an orc.

Vanquished Creatures
  A yaktaur (shapeshifter) (D:6)
  A fire bat (D:7)
  2 orc warriors (D:8)
  A swamp drake (D:2)
  A phantom (D:4)
  2 ogres
  3 centaurs
  A bullfrog (D:7)
  A gnoll sergeant (D:6)
  A wyvern skeleton (D:8)
  5 howler monkeys
  A human zombie (Ossuary)
  An orc priest (D:5)
  2 hounds (D:6)
  2 jellies
  An iguana (D:4)
  Jessica (D:3)
  4 gnoll shamans (D:5)
  3 worker ants
  Natasha (twice) (D:3)
  8 orc wizards
  A big kobold zombie (Ossuary)
  A hound zombie (D:7)
  2 mummies (Ossuary)
  A worker ant zombie (D:6)
  32 gnolls
  9 adders
  A shadow imp (D:5)
  2 ufetubi
  An ooze (D:3)
  2 adder zombies (Ossuary)
  2 worms
  4 dart slugs
  6 leopard geckos
  23 orcs
  7 bats
  4 giant cockroaches
  5 goblins
  9 hobgoblins
  26 jackals
  9 kobolds
  4 quokkas
  2 ball pythons
  4 frilled lizards
  A goblin zombie (Ossuary)
  6 hobgoblin zombies (Ossuary)
  5 jackal zombies
  12 kobold zombies (Ossuary)
  10 orc zombies (Ossuary)
  A quokka skeleton (D:7)
  10 rats
  3 rat zombies
  A spectral orc (D:6)
250 creatures vanquished.

Vanquished Creatures (collateral kills)
  A gnoll sergeant (D:5)
  13 gnolls (D:5)
  3 rats (D:4)
17 creatures vanquished.

Vanquished Creatures (others)
  2 worker ants (D:3)
  2 fungi (D:7)
  2 plants (D:5)
6 creatures vanquished.

Grand Total: 273 creatures vanquished

Notes
Turn   | Place    | Note
-------+----------+-------------------------------------------
     0 | D:1      | Zeldest the Deep Dwarf Chaos Knight began the quest for the
                  | Orb.
     0 | D:1      | Reached XP level 1. HP: 20/20 MP: 1/1
    51 | D:1      | Reached skill level 1 in Invocations
    51 | D:1      | Reached XP level 2. HP: 27/27 MP: 2/2
   126 | D:1      | XOM: silly message
   397 | D:2      | Reached skill level 4 in Axes
   402 | D:2      | Reached XP level 3. HP: 30/34 MP: 4/4
   421 | D:2      | XOM: divination: detect items
   450 | D:2      | Reached XP level 4. HP: 22/42 MP: 4/4
   540 | D:2      | Reached skill level 5 in Axes
   540 | D:2      | Reached XP level 5. HP: 32/49 MP: 3/5
   541 | D:2      | Noticed a swamp drake
   541 | D:2      | a worm changed into a swamp drake
   556 | D:2      | XOM: potion effect (curing)
   677 | D:2      | XOM: silly message
   691 | D:2      | Killed a swamp drake
   745 | D:2      | Reached XP level 6. HP: 37/57 MP: 6/6
   860 | D:3      | XOM: cast spell 'Summon Ice Beast'
   870 | D:3      | Noticed Jessica
   870 | D:3      | XOM: potion effect (might)
   886 | D:3      | Killed Jessica
   890 | D:3      | XOM: cloud trail
   917 | D:3      | Reached skill level 6 in Axes
   937 | D:3      | XOM: divination: magic mapping
  1038 | D:3      | XOM: divination: detect items
  1151 | D:3      | XOM: cloud trail
  1256 | D:3      | Noticed Natasha
  1267 | D:3      | Killed Natasha
  1361 | D:3      | Noticed Natasha
  1370 | D:3      | Killed Natasha
  1675 | D:4      | XOM: cast spell 'Chain of Chaos'
  1679 | D:4      | Reached XP level 7. HP: 62/64 MP: 7/7
  1766 | D:4      | Noticed a moth of wrath
  1767 | D:4      | XOM: summons 3 friendly demons
  1769 | D:4      | Found a bloodstained altar of Trog.
  1779 | D:4      | Noticed a wind drake
  1779 | D:4      | a moth of wrath changed into a wind drake
  1779 | D:4      | XOM: polymorph moth of wrath -> wind drake
  1821 | D:4      | Reached skill level 7 in Axes
  1821 | D:4      | Reached skill level 5 in Invocations
  1963 | D:4      | Found a sand-covered staircase.
  1988 | Ossuary  | Entered an ossuary
  2104 | Ossuary  | XOM: silly message
  2322 | D:4      | XOM: give mutations
  2322 | D:4      | Gained mutation: You tend to lose your temper in combat.
                  | [Xom's mischief]
  2322 | D:4      | Gained mutation: You are weak. (Str -2) [Xom's mischief]
  2385 | D:5      | Entered Level 5 of the Dungeon
  2389 | D:5      | XOM: enchant monster (bad)
  2390 | D:5      | XOM: destruction
  2398 | D:5      | Reached skill level 8 in Axes
  2398 | D:5      | Reached XP level 8. HP: 35/73 MP: 7/7
  2476 | D:5      | XOM: divination: magic mapping
  2481 | D:5      | Reached skill level 5 in Fighting
  2558 | D:5      | XOM: summons 2 hostile demons
  2824 | D:5      | XOM: swap monsters
  3244 | D:5      | XOM: swap monsters
  3257 | D:5      | Reached skill level 9 in Axes
  3558 | D:5      | XOM: polymorph jackal -> leopard gecko
  3887 | D:6      | XOM: 3-stop teleportation journey
  3892 | D:6      | Noticed a shapeshifter
  3892 | D:6      | a leopard gecko changed into a shapeshifter
  3892 | D:6      | Noticed a yaktaur
  3892 | D:6      | a shapeshifter changed into a yaktaur
  3900 | D:6      | Killed a yaktaur
  3947 | D:6      | Gained mutation: You passively map the area around you.
                  | [Deep Dwarf growth]
  3947 | D:6      | Reached XP level 9. HP: 50/82 MP: 6/6
  3972 | D:6      | Found a staircase to the Ecumenical Temple.
  4072 | D:6      | Found a blossoming altar of Fedhas.
  4072 | D:6      | Found an opulent altar of Gozag.
  4073 | D:6      | Found a hazy altar of Hepliaklqana.
  4112 | D:6      | Found a sparkling altar of Nemelex Xobeh.
  4143 | Temple   | Entered the Ecumenical Temple
  4157 | Temple   | Fell from the grace of Xom
  4157 | Temple   | Became a worshipper of Makhleb the Destroyer
  4689 | D:6      | Found a sacrificial altar of Ru.
  4691 | D:6      | XOM: summons 11 hostile demons
  4692 | D:6      | Noticed a red devil
  4817 | D:6      | Found a basalt altar of Yredelemnul.
  4908 | D:6      | Found Ecwawih's General Store.
  5110 | D:7      | Reached skill level 10 in Axes
  5118 | D:7      | XOM: polymorph big kobold -> fire bat
  5449 | D:7      | Found a snail-covered altar of Cheibriados.
  5895 | D:7      | Found a runed translucent door.
  5896 | D:7      | Noticed Crazy Yiuf
  6116 | D:8      | Reached skill level 1 in Shields
  6125 | D:8      | Noticed a two-headed ogre
  6144 | D:8      | HP: 4/85 [two-headed ogre/+0 giant club (9)]
  6145 | D:8      | Killed from afar by an orc priest

Illustrated notes

Levels and vault maps discovered:
D:1:      dpeg_arrival_fog, layout_rooms
D:2:      layout_rooms
D:3:      layout_loops_ring, uniq_jessica, uniq_natasha
D:4:      layout_cave_pools, enter_ossuary_4, tgw_trog
D:5:      lemuel_castle_with_subvaults [lemuel_castle_interior_carwin_3],
          layout_basic
D:6:      layout_loops_ring, yredelemnul_forgotten_temple_becter,
          gammafunk_temple_overflow_claw, kennysheep_little_box,
          minmay_temple_entry_wispy, basic_altar, serial_shops, shop
D:7:      layout_loops_ring, cheibriados_altar_1, uniq_crazy_yiuf_cottage
D:8:      cheibrodos_statue_roulette, layout_loops_ring,
          nicolae_overflow_crystal_walls, nicolae_straight_to_the_point
Temple:   eino_wide_crystal_templ

Skill      XL: |  1  2  3  4  5  6  7  8  9 |
---------------+----------------------------+-----
Invocations    | 1 2 3 4 5 7 8 |  8.3
Fighting       | 3 4 6 |  6.5
Axes           | 4 5 6 8 9 10 | 10.5
Armour         | 3 |  3.5
Shields        | 1 |  1.2
Dodging        | |  1.1

Action                   |  1- 3 |  4- 6 |  7- 9 || total
-------------------------+-------+-------+-------++-------
Melee: Hand axe          |    81 |   177 |   431 ||   689
       War axe           |       |       |   167 ||   167
 Abil: Heal Wounds       |     2 |     8 |    17 ||    27
  Use: Scroll            |       |     4 |       ||     4
       Potion            |       |     1 |       ||     1
 Stab: Paralysed         |     2 |       |     1 ||     3
       Petrifying        |     1 |       |     3 ||     4
       Petrified         |     1 |       |     2 ||     3
       Confused          |       |     2 |     2 ||     4
       Distracted        |       |       |     2 ||     2
Armor: Leather armour    |    39 |    26 |       ||    65
       Plate armour      |       |    98 |   451 ||   549
Dodge: Dodged            |    66 |    85 |   137 ||   288
Block: Kite shield       |       |       |    91 ||    91
       Tower shield      |       |       |    29 ||    29
